 Dungeon Crawl Stone Soup version 0.21.1-1-g345015f (webtiles) character file.

53 Harpaggios the Ruffian (level 3, 0/31 HPs)
             Began as a Naga Transmuter on Apr 5, 2018.
             Slain by an adder (4 damage)
             ... on level 2 of the Dungeon.
             The game lasted 00:13:52 (2060 turns).

Harpaggios the Ruffian (Naga Transmuter)            Turns: 2060, Time: 00:13:53

Health: 0/31       AC:  2    Str: 10    XL:     3   Next: 89%
Magic:  6/6        EV: 10    Int: 14    God:
Gold:   69         SH:  0    Dex: 11    Spells: 3/6 levels left

rFire    . . .     SeeInvis +     - Unarmed
rCold    . . .     Gourm    .   (no shield)
rNeg     . . .     Faith    .   b - +0 robe
rPois    +         Spirit   .   (no helmet)
rElec    .         Reflect  .   (no cloak)
rCorr    .         Harm     .   (no gloves)
MR       .....                  (no barding)
Stlth    ++........             (no amulet)
HPRegen  0.10/turn              (no ring)
MPRegen  0.10/turn              (no ring)

@: very slow
A: large, see invisible, deformed body, poison resistance, slowness 2, slow
metabolism 1, spit poison 1, weak 1, wild magic 1, evolution 1, AC +1
a: Spit Poison


You were on level 2 of the Dungeon.
You were not hungry.

You visited 1 branch of the dungeon, and saw 3 of its levels.

You collected 69 gold pieces.

Inventory:

Missiles
 a - 12 arrows
 e - a throwing net (quivered)
Armour
 b - a +0 robe (worn)
Scrolls
 g - a scroll of random uselessness {unknown}
 h - 3 scrolls of identify {unknown}
 n - 2 scrolls of remove curse {unknown}
 o - a scroll of teleportation {unknown}
Potions
 f - a potion of mutation
 i - a potion of flight {unknown}
 j - a potion of lignification {unknown}
 k - a potion of degeneration {unknown}
 l - a potion of haste {unknown}
 p - a potion of curing
Books
 c - a book of Changes

   Spells                             Type                      Level
   a - Beastly Appendage              Transmutation                1
   b - Sticks to Snakes               Transmutation                2
   c - Spider Form                    Transmutation/Poison         3
   d - Ice Form                       Ice/Transmutation            4
   e - Blade Hands                    Transmutation                5
Comestibles
 d - 4 rations


   Skills:
 - Level 1.0 Fighting
 + Level 2.0 Dodging
 + Level 2.1 Stealth
 + Level 3.4 Unarmed Combat
 - Level 2.0 Spellcasting
 * Level 3.0 Transmutations


You had 3 spell levels left.
You knew the following spells:

 Your Spells              Type           Power        Failure   Level  Hunger
a - Beastly Appendage     Tmut           ##....       11%         1    ##.....
b - Sticks to Snakes      Tmut           ##......     16%         2    ###....


Dungeon Overview and Level Annotations

Branches:
Dungeon (3/15)

Altars:


Innate Abilities, Weirdness & Mutations

You cannot wear boots.
Your serpentine skin is tough. (AC +1)
You have supernaturally acute eyesight. (SInv)
Armour fits poorly on your strangely shaped body.
Your system is resistant to poisons. (rPois)
You cover ground very slowly.
You have a slow metabolism.
You can spit poison.
You are weak. (Str -2)
Your spells are a little harder to cast, but a little more powerful.
You evolve.


Message History

* * * LOW HITPOINT WARNING * * *
Unknown command.
It was a potion of curing.
You feel better. The adder bites you.
* * * LOW HITPOINT WARNING * * *
You miss the adder. The adder bites you.
* * * LOW HITPOINT WARNING * * *
The adder bites you.
* * * LOW HITPOINT WARNING * * *
You barely miss the adder. The adder bites you.
* * * LOW HITPOINT WARNING * * *
You hit the adder.
The adder is heavily wounded.
The adder barely misses you.
You closely miss the adder.
The adder is heavily wounded.
The adder barely misses you.
You closely miss the adder.
The adder is heavily wounded.
The adder bites you.
You die...

##### ###### #...# #....#
#...# #....# #...# #....#
#..g#############....#
#.SSS@..).............
##.############....... #####
#.# #...#... #...# #.#
#...#... ##(..###.#####
#...#...
#............########...#...
#....###.###.##....##...#...
#.##.......#.##.............
#.##.#.....#.##....####.....


You could see 3 adders and a hobgoblin.

Vanquished Creatures
  An adder (D:2)
  A leopard gecko (D:1)
  4 giant cockroaches
  3 goblins
  6 hobgoblins
  4 jackals (D:2)
  A quokka (D:2)
  A ball python (D:2)
  8 bats
  3 frilled lizards
  4 kobolds
  3 rats (D:1)
39 creatures vanquished.

Notes
Turn   | Place    | Note
-------+----------+-------------------------------------------
     0 | D:1      | Harpaggios the Naga Transmuter began the quest for the Orb.
     0 | D:1      | Reached XP level 1. HP: 18/18 MP: 3/3
   412 | D:1      | Reached XP level 2. HP: 23/25 MP: 5/5
   428 | D:1      | Reached skill level 1 in Stealth
  1088 | D:2      | Reached XP level 3. HP: 18/31 MP: 4/6
  1103 | D:2      | Learned a level 2 spell: Sticks to Snakes
  2054 | D:2      | Gained mutation: You evolve. [potion of mutation]
  2054 | D:2      | Gained mutation: You are weak. (Str -2) [potion of mutation]
  2054 | D:2      | Gained mutation: Your spells are a little harder to cast, but a little more powerful. [potion of mutation]
  2060 | D:2      | Slain by an adder

Skill      XL: |  1  2  3 |
---------------+----------+-----
Stealth        | 1 2 |  2.1
Dodging        | 2 |  2.0
Transmutations | 3 |  3.0
Fighting       | |  1.0
Unarmed Combat | |  3.4
Spellcasting   | |  2.0

Action                   || total
-------------------------++-------
Melee: Unarmed           ||   158
       Headbutt          ||     5
       Punch             ||     1
 Cast: Beastly Appendage ||    11
 Abil: Spit Poison       ||    12
  Use: Potion            ||     2
 Stab: Sleeping          ||     2
  Eat: Chunk             ||     4
Armor: Robe              ||    59
Dodge: Dodged            ||   148
